 Dungeon Crawl Stone Soup version 0.31-a0-185-g9dded2c639 (webtiles) character file.

Game seed: 9429451000506661909

178 qw the Skirmisher (level 5, -1/29 HPs)
             Began as a Deep Elf Hunter on June 22, 2023.
             Slain by an iguana (8 damage)
             ... on level 5 of the Dungeon.
             The game lasted 00:01:03 (2781 turns).

qw the Skirmisher (Deep Elf Hunter)                 Turns: 2781, Time: 00:01:03

Health: -1/29      AC:  7    Str: 10    XL:     5   Next: 32%
Magic:  0/6        EV:  9    Int: 14    God:
Gold:   150        SH:  0    Dex: 18    Spells: 4/4 levels left

rFire   . . .        Y - +0 shortbow
rCold   . . .        (shield currently unavailable)
rNeg    . . .        k - +0 scale mail
rPois   .            d - +0 helmet
rElec   .            (no cloak)
rCorr   .            (no gloves)
SInv    +            (no boots)
Will    .....        a - amulet of guardian spirit
Stlth   +            g - ring of see invisible
HPRegen 0.24/turn    (no ring)
MPRegen 0.10/turn

%: guardian spirit
@: no status effects
A: low MP 1
a: no special abilities


You were on level 5 of the Dungeon.
You visited 2 branches of the dungeon, and saw 6 of its levels.

You collected 150 gold pieces.


Innate Abilities, Weirdness & Mutations

Your magical capacity is low. (-10% MP)


   Skills:
 - Level 1.5 Fighting
 + Level 8.8 Ranged Weapons
 - Level 2.4 Dodging
 - Level 1.2 Stealth


You had 4 spell levels left.
You didn't know any spells.
Your spell library was empty.

Inventory:

Hand Weapons
 Y - a +0 shortbow (weapon)
Armour
 d - a +0 helmet (worn)
 k - a +0 scale mail (worn)
Jewellery
 a - an amulet of guardian spirit (around neck)
 g - a ring of see invisible (left hand)
Scrolls
 i - a scroll of identify
Potions
 b - a potion of mutation
 c - a potion of invisibility {unknown}
 e - a potion of curing
 f - a potion of enlightenment {unknown}
 h - a potion of heal wounds {unknown}
 j - a potion of haste {unknown}
 l - a potion of cancellation {unknown}
 m - a potion of ambrosia {unknown}

Dungeon Overview and Level Annotations

Branches:
Dungeon (5/15)             Temple (1/1) D:4

Altars:
Cheibriados
Gozag
Kikubaaqudgha
Nemelex Xobeh
Ru
Sif Muna
Trog
Uskayaw
Vehumet
Yredelemnul
Zin
The Shining One


Message History

The orc is heavily wounded.
The orc throws a boomerang.
The boomerang hits you but does no damage.
You shoot an arrow. The arrow closely misses the orc.
You shoot an arrow. The arrow barely misses the orc.
The orc throws a boomerang.
The boomerang barely misses you.
You shoot an arrow. The arrow hits the orc.
You kill the orc!
Found a leather armour.
Enter note:
Found a stone staircase leading down.
Enter note: You now have 150 gold pieces (gained 16).
An iguana comes into view.
The iguana hisses angrily.
Enter note: You shoot an arrow.
The arrow hits the iguana but does no damage.
You shoot an arrow.
The arrow hits the iguana but does no damage.
You shoot an arrow. The arrow completely misses the iguana.
You shoot an arrow. The arrow closely misses the iguana.
You shoot an arrow. The arrow hits the iguana.
The iguana is lightly wounded.
The iguana bites you.
You shoot an arrow. The arrow barely misses the iguana.
The iguana bites you but does no damage.
You shoot an arrow. The arrow hits the iguana!
The iguana is severely wounded.
The iguana bites you but does no damage.
You shoot an arrow. The arrow barely misses the iguana.
The iguana bites you! The iguana bites you.
You shoot an arrow. The arrow completely misses the iguana.
The iguana bites you!
You shoot an arrow. The arrow closely misses the iguana.
The iguana bites you.
You shoot an arrow. The arrow hits the iguana.
The iguana is almost dead.
The iguana bites you!
You die...

#.............
#............
...........
........^
#...... ..>
#..... ...# #
#..l## ...#
..###.@.# ...#
......#..##..#
............#
...........##
...........#
..........)##
............#
...........#
..........##


You could see an iguana.

Vanquished Creatures
  A hound (D:4)
  3 gnolls (D:4)
  4 adders
  2 worms
  An orc (D:5)
  6 ball pythons
  6 endoplasms
  4 giant cockroaches
  10 goblins
  5 hobgoblins
  8 jackals
  5 quokkas
  9 bats
  3 frilled lizards
  4 kobolds
  3 rats
74 creatures vanquished.

Notes
Turn   | Place    | Note
-------+----------+-------------------------------------------
     0 | D:1      | qw the Deep Elf Hunter began the quest for the Orb.
     0 | D:1      | Reached XP level 1. HP: 12/12 MP: 3/3
     0 | D:1      | 0 ||| qw: Version: 0.3-a-9-g12657ce
     0 | D:1      | 0 ||| qw: Game counter: 1867
     0 | D:1      | 0 ||| qw: Always use a shield: true
     0 | D:1      | 0 ||| qw: God list: Okawaru
     0 | D:1      | 0 ||| qw: Allow faded altars: false
     0 | D:1      | 0 ||| qw: Do Orc after D:15 true
     0 | D:1      | 0 ||| qw: Do second Lair branch before Depths: true
     0 | D:1      | 0 ||| qw: Lair rune preference: random
     0 | D:1      | 0 ||| qw: Plans: Normal
     0 | D:1      | 0 ||| PLANNING D:1-11
    87 | D:1      | Reached XP level 2. HP: 16/16 MP: 4/4
    98 | D:1      | Reached skill level 6 in Ranged Weapons
   172 | D:1      | You fall into a shaft and drop 1 floor!
   183 | D:2      | 183 ||| READING scroll labelled ZOEGEI ZIPTYWN.
   212 | D:2      | 212 ||| READING scroll labelled UDUTSE TOAT.
   213 | D:2      | 213 ||| DROPPING scroll of butterflies.
   373 | D:1      | Reached XP level 3. HP: 20/20 MP: 5/5
   552 | D:1      | 552 ||| UPGRADING to amulet of guardian spirit.
   557 | D:1      | 557 ||| READING scroll labelled ZOORRU SYTZON.
   644 | D:2      | Reached skill level 7 in Ranged Weapons
  1178 | D:2      | Reached XP level 4. HP: 22/25 MP: 6/6
  1387 | D:2      | 1387 ||| UPGRADING to ring of see invisible.
  1388 | D:2      | 1388 ||| READING 3 scrolls labelled ACYKKI KEPEA.
  1389 | D:2      | 1389 ||| DRINKING 2 sedimented amethyst potions.
  1389 | D:2      | Gained mutation: Your magical capacity is low. (-10% MP)
                  | [potion of mutation]
  1390 | D:2      | 1390 ||| DRINKING 2 fizzy cyan potions.
  1391 | D:2      | 1391 ||| DROPPING 2 scrolls of revelation.
  1839 | D:3      | Found a sparkling altar of Nemelex Xobeh.
  1907 | D:3      | 1907 ||| UPGRADING to +0 helmet.
  1912 | D:3      | 1912 ||| READING 2 scrolls labelled DEGA GISUAHUACW.
  1968 | D:4      | Found a staircase to the Ecumenical Temple.
  1969 | D:4      | 1969 ||| PLANNING TEMPLE
  1976 | Temple   | Entered the Ecumenical Temple
  1988 | Temple   | 1988 ||| PLANNING D:1-11
  2047 | D:4      | Reached skill level 8 in Ranged Weapons
  2129 | D:4      | Reached XP level 5. HP: 29/29 MP: 6/6
  2644 | D:4      | 2644 ||| UPGRADING to +0 scale mail.
  2654 | D:4      | 2654 ||| DROPPING +0 leather armour.
  2682 | D:5      | Entered Level 5 of the Dungeon
  2780 | D:5      | HP: 7/29 [iguana (3)]
  2781 | D:5      | Slain by an iguana

Levels and vault maps discovered:
D:1:      nzn_arrival_settlement, layout_basic
D:2:      layout_basic
D:3:      layout_rooms, marbit_many_paths, columned_hall_lemuel,
          minmay_door_square
D:4:      layout_loops_ring, minmay_temple_entry_overgrown,
          hangedman_abyss_or_decor_lesser_grid, abandoned_shop, minmay_distorted
D:5:      layout_cave_pods, st_stairs_2, nicolae_shop_i_like_big_books
Temple:   minmay_freezing_vapour_temple

Skill      XL: |  1  2  3  4 |
---------------+-------------+-----
Ranged Weapons | 6 7 8 |  8.8
Fighting       | |  1.5
Dodging        | |  2.4
Stealth        | |  1.2

Action                     |  1- 3 |  4- 6 || total
---------------------------+-------+-------++-------
   Fire: Shortbow          |   117 |   100 ||   217
    Use: Scroll            |     3 |     2 ||     5
         Potion            |       |     2 ||     2
 Armour: Leather armour    |     7 |     6 ||    13
         Scale mail        |       |     3 ||     3
  Dodge: Dodged            |    22 |    26 ||    48

Table legend:
 A = Non-vault XP
 B = Vault XP
 C = Vault XP percentage of total XP
 D = Non-vault monster count
 E = Vault monster count
 F = Vault count percentage of total count
                 A         B        C        D         E       F
            +---------+---------+-------+---------+---------+-------
      Total |     252 |       3 |   1.2 |      72 |       2 |   2.7
            +---------+---------+-------+---------+---------+-------
        D:1 |      53 |       0 |   0.0 |      30 |       0 |   0.0
        D:2 |      52 |       0 |   0.0 |      14 |       0 |   0.0
        D:3 |      41 |       2 |   4.7 |      18 |       1 |   5.3
        D:4 |     103 |       1 |   1.0 |       9 |       1 |  10.0
        D:5 |       3 |       0 |   0.0 |       1 |       0 |   0.0
            +---------+---------+-------+---------+---------+-------
